 Dungeon Crawl Stone Soup version 0.29.1 (webtiles) character file.

Game seed: 13770912047320340529

30 MisterFreud the Covert (level 3, -4/35 HPs)
             Began as a Gnoll Delver on Sept 14, 2022.
             Was an Initiate of Ru.
             Slain by a howler monkey (7 damage)
             ... on level 5 of the Dungeon.
             The game lasted 00:00:48 (162 turns).

MisterFreud the Covert (Gnoll Delver)                Turns: 162, Time: 00:00:49

Health: -4/35      AC:  3    Str: 11    XL:     3   Next: 18%
Magic:  1/4        EV: 13    Int: 11    God:    Ru [......]
Gold:   27         SH:  0    Dex: 13    Spells: 3/3 levels left

rFire   . . .      SeeInvis .   a - +0 short sword
rCold   . . .      Faith    .   (no shield)
rNeg    . . .      Spirit   .   b - +0 leather armour
rPois   .          Reflect  .   (no helmet)
rElec   .          Harm     .   (no cloak)
rCorr   .          Rampage  .   (no gloves)
Will    .....                   (no boots)
Stlth   ++++......              (no amulet)
HPRegen 0.11/turn               (no ring)
MPRegen 0.09/turn               (no ring)

@: no status effects
A: fangs 1, strong nose, distributed training
a: Renounce Religion


You were on level 5 of the Dungeon.
You worshipped Ru.
Ru was noncommittal.
You visited 2 branches of the dungeon, and saw 3 of its levels.

You collected 27 gold pieces.

Inventory:

Hand Weapons
 a - a +0 short sword (weapon)
Armour
 b - a +0 leather armour (worn)
Wands
 g - a wand of digging (3)
Scrolls
 c - a scroll of fog
 d - a scroll of magic mapping
 h - 2 scrolls of teleportation {unknown}
Potions
 f - a potion of haste


   Skills:
 + Level 6.5 Fighting
 + Level 4.5 Short Blades
 + Level 0.7 Long Blades
 + Level 0.7 Axes
 + Level 0.7 Maces & Flails
 + Level 0.7 Polearms
 + Level 0.7 Staves
 + Level 0.7 Ranged Weapons
 + Level 0.7 Throwing
 + Level 0.7 Armour
 + Level 4.5 Dodging
 + Level 9.5 Stealth
 + Level 0.7 Shields
 + Level 0.7 Unarmed Combat
 + Level 0.7 Spellcasting
 + Level 0.5 Conjurations
 + Level 0.5 Hexes
 + Level 0.5 Summonings
 + Level 0.5 Necromancy
 + Level 0.5 Translocations
 + Level 0.5 Transmutations
 + Level 0.5 Fire Magic
 + Level 0.5 Ice Magic
 + Level 0.5 Air Magic
 + Level 0.5 Earth Magic
 + Level 0.5 Poison Magic
 + Level 0.9 Invocations
 + Level 0.7 Evocations


You had 3 spell levels left.
You didn't know any spells.
Your spell library was empty.

Dungeon Overview and Level Annotations

Branches:
Dungeon (6/15)             Temple (1/1) D:5

Altars:
Fedhas
Makhleb
Okawaru
Ru
Sif Muna
Xom
Yredelemnul
Zin
The Shining One


Innate Abilities, Weirdness & Mutations

You have very sharp teeth.
Your uncanny sense of smell can sniff out nearby items.
Your experience applies equally to all skills.


Message History

The howler monkey hits the bush but does no damage.
You miss the hound.
The hound is almost dead.
The hound bites you but does no damage.
The howler monkey hoots and howls with incredible vigour!
The hound bites you but does no damage.
You hear an angry hiss.
You hear a bark!
It was a potion of cancellation.
You feel magically purged. The hound closely misses you.
The howler monkey hits the bush but does no damage.
As you read the scroll of fear, it crumbles to dust.
You assume a fearsome visage.
The howler monkey looks frightened!
The hound looks frightened!
You see here a scroll labelled JOIFITHR ASSIE.
h - 2 scrolls labelled JOIFITHR ASSIE (gained 1) Cornered, the hound turns to fight!
Cornered, the howler monkey turns to fight!
The hound misses you.
You hit the hound but do no damage.
The hound is almost dead.
The hound bites you.
* * * LOW HITPOINT WARNING * * *
You barely miss the hound.
The hound is almost dead.
The hound closely misses you.
The howler monkey hoots and howls with incredible vigour!
You hear a shout! x3; You hear an angry growl.
You hear a bark!
You hear a shout! x2
You hit the hound.
You kill the hound!
You have reached level 2!
You have reached level 3!
Your experience leads to an increase in your attributes!
Increase (S)trength, (I)ntelligence, or (D)exterity?
You feel clever. x2
You hit the bush.
The bush is lightly damaged.
The howler monkey attacks as you move away!
The howler monkey hits you!
You die... #..>... #.P.P.. ##.....# #### #.....## ..# ###.##### ###.####...## ##PPPPPPP.PPP#

#.....P.P(..P# .
#@PPP.P.P.P.P## ..#
###hP.P.P...P...#
....###...P.P.P.P.PPP...#
.#........P.....P...P##..∆
.........#PPP.PPPPPPP. .
.##.......P.P...P.P.P#..
#..<....P.P.P.P.P.P .
#######.P...P.....P


#P.PPPPPPP. You could see a howler monkey.

Vanquished Creatures
  A hound (D:5)
1 creature vanquished.

Notes
Turn   | Place    | Note
-------+----------+-------------------------------------------
     0 | D:5      | Reached skill level 9 in Stealth
     0 | D:5      | MisterFreud the Gnoll Delver began the quest for the Orb.
     0 | D:5      | Reached XP level 1. HP: 23/23 MP: 1/1
    21 | D:5      | Found a staircase to the Ecumenical Temple.
    34 | Temple   | Entered the Ecumenical Temple
    82 | Temple   | Became a worshipper of Ru the Awakened
   122 | D:5      | Noticed a howler monkey
   125 | D:5      | Noticed a hound
   157 | D:5      | HP: 1/23 [hound (1)]
   159 | D:5      | Killed a hound
   160 | D:5      | Reached XP level 2. HP: 2/29 MP: 1/3
   160 | D:5      | Reached XP level 3. HP: 3/35 MP: 1/4
   162 | D:5      | Slain by a howler monkey

Illustrated notes

Levels and vault maps discovered:
D:5:      layout_rooms, nicolae_wu_jian_wuxing_cycle, minmay_temple_entry_trees,
          minmay_hedge_maze, chequers_serial_rivers_room_a, st_stairs_11,
          nicolae_wooded_promenade
D:6:      layout_layer_cave, mainiacjoe_overflow_big_doors,
          kennysheep_cluttered_room, minmay_statues_item
Temple:   nicolae_temple_bog_church

Skill      XL: | |
---------------+-+-----
Stealth        | |  9.5
Fighting       | |  6.5
Short Blades   | |  4.5
Long Blades    | |  0.7
Axes           | |  0.7
Maces & Flails | |  0.7
Polearms       | |  0.7
Staves         | |  0.7
Ranged Weapons | |  0.7
Throwing       | |  0.7
Armour         | |  0.7
Dodging        | |  4.5
Shields        | |  0.7
Unarmed Combat | |  0.7
Spellcasting   | |  0.7
Conjurations   | |  0.5
Hexes          | |  0.5
Summonings     | |  0.5
Necromancy     | |  0.5
Translocations | |  0.5
Transmutations | |  0.5
Fire Magic     | |  0.5
Ice Magic      | |  0.5
Air Magic      | |  0.5
Earth Magic    | |  0.5
Poison Magic   | |  0.5
Invocations    | |  0.9
Evocations     | |  0.7

Action                   || total
-------------------------++-------
Melee: Short sword       ||    22
       Bite              ||     1
  Use: Scroll            ||     1
       Potion            ||     1
Armor: Leather armour    ||     4
Dodge: Dodged            ||    15
